Map: Deathaura LE

Players

LiquidMaNa (MaNa) - Winner!

  • Race: Protoss Protoss
  • League: Grandmaster
  • Spawn Location: 11:00

Vanya

  • Race: Zerg Zerg
  • League: Master
  • Spawn Location: 5:00

Event: DreamHack SC2 Masters 2020 Summer Europe

VOD

Have the link to the VOD?

Description

Time

  • Played on: July 10, 2020, 9:34 a.m.
  • Length: 11:12

All games in this series

Show
View Real Time Build Order
Export as new Build Order

LiquidMaNa Protoss - Winner!

Build Orders: 1 Gate Expand, Mass Adepts, Zealot Archon 

Get SALT Encoding   

  12  0:00  Probe  
  13  0:12  Probe  
  14  0:18  Pylon  
  14  0:24  Probe  
  15  0:32  Probe  
  15  0:41  Probe  
  15  0:42  Gateway  
  17  0:51  Probe  
  17  0:54  Assimilator  
  18  1:03  Probe  
  18  1:04  Pylon  
  19  1:15  Probe  
  20  1:28  Probe  
  20  1:31  Cybernetics Core  
  21  1:44  Nexus  
  21  1:47  Probe  
  21  1:54  Pylon  
  22  1:59  Probe  
  23  2:02  Adept  
  23  2:08  Assimilator  
  23  2:12  Warp Gate  
  25  2:17  Probe  
  26  2:22  Stalker  
  26  2:29  Probe  
  29  2:41  Probe  
  29  2:46  Twilight Council  
  29  2:56  Probe x2  
  31  3:04  Robotics Facility  
  31  3:07  Adept  
  31  3:08  Probe x2  
  35  3:17  Gateway  
  35  3:18  Resonating Glaives  
  35  3:20  Probe  
  35  3:22  Probe  
  37  3:35  Gateway  
  37  3:41  Gateway  
  37  3:43  Warp Prism  
  37  3:44  Probe  
  40  3:56  Probe  
  40  3:58  Probe  
  40  4:02  Pylon  
  42  4:06  Adept  
  44  4:11  Adept  
  46  4:17  Dark Shrine  
  46  4:29  Pylon  
  46  4:36  Adept x4  
  54  4:38  Assimilator  
  54  4:45  Pylon  
  56  4:56  Adept x4  
  62  5:03  Probe x2  
  60  5:21  Adept x4  
  66  5:34  Probe  
  66  5:35  Probe  
  58  5:46  Probe  
  58  5:47  Probe  
  52  5:54  Probe  
  52  5:55  Probe  
  46  5:59  Nexus  
  46  6:02  Probe  
  46  6:03  Probe  
  50  6:12  Dark Templar x4, Probe  
  50  6:15  Pylon  
  50  6:17  Assimilator  
  50  6:18  Pylon  
  59  6:25  Probe  
  61  6:26  Observer, Probe  
  62  6:34  Forge  
  62  6:37  Probe  
  62  6:39  Probe  
  64  6:42  Immortal  
  64  6:49  Probe  
  69  6:55  Probe  
  69  6:57  Protoss Ground Weapons Level 1, Probe  
  69  6:58  Adept x4  
  79  7:05  Archon, Probe  
  79  7:06  Archon  
  79  7:09  Probe  
  79  7:12  Probe  
  79  7:15  Probe  
  82  7:17  Robotics Bay, Shield Battery  
  82  7:21  Probe  
  84  7:25  Immortal, Probe  
  84  7:27  Probe  
  90  7:33  Probe  
  90  7:37  Probe  
  92  7:46  Probe  
  91  7:51  Probe  
  91  7:55  Immortal  
  88  7:59  Stalker x4  
  88  8:04  Assimilator  
  88  8:05  Assimilator  
  98  8:06  Blink  
  98  8:10  Pylon  
  98  8:13  Gateway  
  98  8:15  Gateway  
  98  8:16  Gateway  
  98  8:21  Pylon  
  98  8:23  Pylon  
  98  8:28  Colossus  
  104  8:42  Sentry x2  
  104  8:44  Shield Battery  
  104  8:47  Shield Battery  
  108  9:01  Stalker x2  
  112  9:03  Probe x2  
  112  9:06  Stalker x2  
  112  9:07  Gateway  
  112  9:09  Gateway  
  118  9:10  Pylon  
  118  9:16  Warp Prism  
  122  9:28  Stalker x3  
  124  9:34  Stalker x4  
  124  9:36  Pylon  
  125  9:46  Photon Cannon  
  125  9:48  Photon Cannon, Shield Battery  
  125  9:49  Pylon  
  130  10:05  Sentry  
  130  10:06  Disruptor, Pylon  
  132  10:07  Pylon  
  132  10:14  Stalker x3  
  132  10:18  Stalker x3  
  141  10:23  Shield Battery  
  141  10:29  Stalker x2  
  143  10:47  Stalker x3  
  124  10:58  Stalker x4  
  123  11:10  Stalker x3  
Show
View Real Time Build Order
Export as new Build Order

Vanya Zerg 

Build Orders: Pool First 

Get SALT Encoding   

  12  0:00  Drone  
  13  0:12  Overlord  
  13  0:16  Drone  
  14  0:30  Drone x2  
  16  0:40  Spawning Pool  
  15  0:43  Drone  
  15  0:48  Drone  
  17  1:09  Extractor  
  16  1:12  Drone  
  17  1:26  Hatchery  
  17  1:27  Zergling x6  
  19  1:35  Queen  
  21  1:45  Overlord  
  21  1:57  Drone  
  22  2:06  Drone  
  23  2:13  Metabolic Boost  
  23  2:24  Drone  
  23  2:27  Hatchery  
  23  2:31  Drone  
  24  2:39  Queen  
  24  2:42  Drone  
  27  2:46  Drone  
  28  2:53  Zergling x4  
  28  2:55  Zergling x2  
  31  3:01  Overlord  
  31  3:04  Drone  
  32  3:07  Drone  
  32  3:09  Drone  
  32  3:12  Drone  
  35  3:15  Drone  
  36  3:21  Drone x2  
  36  3:26  Queen  
  40  3:37  Overlord  
  40  3:39  Drone x3  
  43  3:44  Roach Warren  
  42  3:49  Drone x2  
  42  3:54  Drone x2  
  45  4:02  Overlord  
  45  4:07  Drone x4, Extractor  
  45  4:09  Drone  
  49  4:16  Drone  
  50  4:17  Drone x2  
  50  4:24  Overlord  
  51  4:26  Roach x3  
  57  4:32  Spore Crawler  
  56  4:39  Drone x2  
  56  4:40  Overlord  
  56  4:41  Roach x3  
  64  4:47  Spore Crawler  
  64  4:51  Roach x3  
  69  4:57  Roach x2  
  73  5:01  Zergling x8  
  73  5:06  Roach x2  
  78  5:20  Spore Crawler  
  78  5:21  Spore Crawler  
  69  5:32  Spore Crawler  
  64  5:36  Drone x7  
  69  5:48  Zergling x2  
  69  5:49  Zergling x8  
  74  5:55  Drone x2  
  71  6:01  Lair  
  71  6:08  Queen  
  73  6:13  Drone x4  
  77  6:25  Drone x4  
  81  6:26  Extractor  
  81  6:30  Overlord  
  80  6:39  Spore Crawler  
  79  6:41  Drone x3  
  78  6:49  Drone  
  78  6:54  Drone x5  
  81  7:00  Drone  
  82  7:03  Spire  
  82  7:04  Queen x2  
  82  7:06  Drone, Extractor  
  85  7:09  Drone, Extractor  
  85  7:10  Drone, Extractor  
  85  7:18  Roach x2  
  89  7:25  Glial Reconstitution, Overlord  
  89  7:38  Overlord  
  89  7:43  Drone x6  
  93  7:54  Drone x2  
  93  7:55  Drone x2  
  90  8:02  Drone x2  
  92  8:07  Overlord  
  92  8:09  Drone x2  
  92  8:10  Drone, Overlord  
  95  8:13  Overlord  
  95  8:21  Overlord x2  
  95  8:26  Overlord  
  95  8:31  Ravager  
  95  8:32  Mutalisk x3, Ravager  
  95  8:33  Mutalisk  
  105  8:38  Mutalisk  
  105  8:41  Roach x5  
  117  8:47  Ravager x2  
  119  8:53  Zergling x6  
  123  8:55  Ravager x2  
  123  8:59  Roach x3  
  129  9:04  Overlord  
  129  9:07  Overlord  
  126  9:19  Overlord  
  126  9:21  Overlord  
  126  9:22  Roach  
  126  9:23  Roach x4  
  136  9:25  Ravager  
  136  9:27  Overlord  
  137  9:33  Roach x4  
  137  9:35  Overlord x2  
  137  9:38  Ravager  
  146  9:39  Ravager  
  146  9:40  Ravager  
  146  9:41  Roach x3  
  146  9:44  Overseer  
  154  9:46  Mutalisk  
  154  9:51  Roach x2  
  160  9:55  Zergling x2  
  160  9:58  Queen  
  163  10:01  Ravager x2  
  163  10:02  Ravager  
  163  10:03  Zergling x4  
  168  10:10  Zergling x14  
  175  10:17  Ravager x3  
  175  10:18  Zergling x6  
  181  10:28  Zergling x6  
  183  10:35  Overlord  
  183  10:36  Overlord  
  183  10:37  Ravager x3  
Tags
 
Add a new tag
Caveats
  • Supply blocks, unpowered buildings, or Contaminate may cause inaccurate times.
  • Supply counts are checked every 10 seconds.